 Dungeon Crawl Stone Soup version 0.27.1-1-g398f81649c (webtiles) character file.

Game seed: 3764659206143050820

102 funkygono the Firebug (level 4, -2/24 HPs)
             Began as a Gargoyle Fire Elementalist on Sept 12, 2021.
             Slain by a black bear (4 damage)
             ... on level 4 of the Dungeon.
             The game lasted 00:07:59 (3233 turns).

funkygono the Firebug (Gargoyle Fire Elementalist)  Turns: 3233, Time: 00:07:59

Health: -2/24      AC:  6    Str: 13    XL:     4   Next: 78%
Magic:  0/8        EV: 13    Int: 17    God:
Gold:   890        SH:  0    Dex: 11    Spells: 0/9 levels left

rFire    . . .     SeeInvis .   l - +0 whip
rCold    + . .     Faith    .   (no shield)
rNeg     + . .     Spirit   .   a - +0 robe
rPois    ∞         Reflect  .   (no helmet)
rElec    +         Harm     .   (no cloak)
rCorr    .         Rampage  .   (no gloves)
Will     +....                  (no boots)
Stlth    ++........             (no amulet)
HPRegen  0.08/turn              g - ring of willpower
MPRegen  0.11/turn              c - ring of the Octopus King {rC+ AC+1 EV+1 Str+1 Int+1 Dex+1}

@: no status effects
A: sickness immunity, AC +3, negative energy resistance 1, electricity
resistance, torment resistance 1, petrification resistance
a: no special abilities


You were on level 4 of the Dungeon.
You visited 1 branch of the dungeon, and saw 4 of its levels.

You collected 890 gold pieces.

Inventory:

Hand Weapons
 d - a +0 club
 l - a +0 whip (weapon)
 n - a +0 flail
Missiles
 i - 30 stones
Armour
 a - a +0 robe (worn)
Jewellery
 c - a ring of the Octopus King (right hand) {rC+ AC+1 EV+1 Str+1 Int+1 Dex+1}
   (You acquired it on level 2 of the Dungeon)

   [ring of protection from cold]

   AC:        It affects your AC (+1).
   EV:        It affects your evasion (+1).
   Str:       It affects your strength (+1).
   Int:       It affects your intelligence (+1).
   Dex:       It affects your dexterity (+1).
   rC:        It protects you from cold.
 g - a ring of willpower (left hand)
Wands
 f - a wand of iceblast (3)
Scrolls
 e - a scroll of teleportation
Potions
 b - 3 potions of curing
 h - a potion of attraction
 k - a potion of magic
 m - a potion of flight {unknown}


   Skills:
 + Level 1.7 Dodging
 - Level 2.1 Stealth
 * Level 3.0 Spellcasting
 * Level 2.4 Conjurations
 * Level 4.0 Fire Magic
 * Level 0.9 Earth Magic


You couldn't memorise any spells.
You knew the following spells:

 Your Spells              Type           Power      Damage    Failure   Level
a - Foxfire               Conj/Fire      52%        2x1d6     4%          1
b - Conjure Flame         Conj/Fire      13%        6-21      14%         3
c - Sticky Flame          Conj/Fire      13%        2d4       43%         4
h - Sandblast             Erth           10%        2d5       12%         1

Your spell library contained the following spells:

 Spells                   Type           Power      Damage    Failure   Level
 Passwall                 Tmut/Erth      3%         N/A       22%         2
 Inner Flame              Hex/Fire       9%         N/A       22%         3
 Slow                     Hex            2%         N/A       26%         2
 Confusing Touch          Hex            2%         N/A       45%         3
 Vampiric Draining        Necr           1%         2d6       45%         3
 Fireball                 Conj/Fire      6%         3d5       78%         5
 Lee's Rapid Deconstruct  Erth           2%         3d6*      97%         5


Dungeon Overview and Level Annotations

Branches:
Dungeon (4/15)
 Temple: D:4-7

Altars:
Okawaru
Ru
Vehumet
Zin

Annotations:
D:2 1 runed translucent door, Crazy Yiuf


Innate Abilities, Weirdness & Mutations

You are immune to sickness and miasma.
Your stone body is resilient. (AC +3)
You are immune to poison.
You resist negative energy. (rN+)
You are resistant to electric shocks. (rElec)
You are resistant to unholy torment.
You are immune to petrification.


Message History

Confirm with . or Enter, or press ? or * to list all spells.
Aiming: Sandblast (safe; 12% risk of failure)
Press: ? - help, Shift-Dir - straight line, f - black bear
Aim: a black bear (severely wounded, 84% to hit)
The blast of sand hits the black bear.
The black bear is almost dead.
i - 32 stones The black bear goes berserk!
Casting: Sandblast (safe; 12% risk of failure)
Confirm with . or Enter, or press ? or * to list all spells.
Aiming: Sandblast (safe; 12% risk of failure)
Press: ? - help, Shift-Dir - straight line, f/p - black bear
Aim: a black bear (almost dead, berserk, 84% to hit)
The blast of sand hits the black bear but does no damage.
The black bear is almost dead.
i - 31 stones The black bear bites you.
The black bear claws you but does no damage. x2
The black bear completely misses you. The black bear claws you.
The black bear barely misses you.
Casting: Sandblast (safe; 12% risk of failure)
Confirm with . or Enter, or press ? or * to list all spells.
Aiming: Sandblast (safe; 12% risk of failure)
Press: ? - help, Shift-Dir - straight line, f/p - black bear
Aim: a black bear (almost dead, berserk, 84% to hit)
The blast of sand hits the black bear.
The black bear is almost dead.
i - 30 stones The black bear bites you.
The black bear claws you but does no damage.
The black bear barely misses you.
Your magical contamination has completely faded away.
Casting: Sandblast (safe; 12% risk of failure)
Confirm with . or Enter, or press ? or * to list all spells.
You conjure some foxfire!
The black bear bites you!
* * * LOW HITPOINT WARNING * * *
The black bear misses you. The black bear barely misses you.
The black bear bites you but does no damage.
The black bear claws you.
You die...

......... ....
........... ....
........... .# ....
......... ...# ... <..
... ... . #.. #.# #†#
#.# ..
#+##..##.####.####.###..
............#...........
....$.v@....#...........
......vh....#[..........
............'...........
#.....###+###...##..####
#..... #######'###..
...... #............
..... #.........>..
..... +............
########+###.


You could see a black bear (berserk, ally target).

Vanquished Creatures
  A gnoll (D:1)
  5 adders
  A dart slug (D:3)
  An orc (D:3)
  3 bats
  3 endoplasms
  2 giant cockroaches
  7 goblins
  2 hobgoblins
  2 jackals (D:3)
  6 kobolds
  A quokka (D:3)
  6 ball pythons
  6 rats
46 creatures vanquished.

Vanquished Creatures (others)
  126 foxfires
126 creatures vanquished.

Grand Total: 172 creatures vanquished

Notes
Turn   | Place    | Note
-------+----------+-------------------------------------------
     0 | D:1      | funkygono the Gargoyle Fire Elementalist began the quest
                  | for the Orb.
     0 | D:1      | Reached XP level 1. HP: 10/10 MP: 3/3
    30 | D:1      | Found a faded altar of an unknown god.
   248 | D:1      | Reached XP level 2. HP: 12/15 MP: 0/5
   910 | D:1      | Learned a level 1 spell: Sandblast
   937 | D:2      | Reached XP level 3. HP: 19/19 MP: 0/6
  1096 | D:2      | Learned a level 3 spell: Conjure Flame
  1299 | D:2      | Found a runed translucent door.
  1300 | D:2      | Noticed Crazy Yiuf
  1472 | D:2      | Found a glowing silver altar of Zin.
  1759 | D:2      | Identified a scroll of acquirement
  1889 | D:2      | Acquired a ring of the Octopus King {rC+ AC+1 EV+1 Str+1
                  | Int+1 Dex+1}
  1889 | D:2      | Found the ring of the Octopus King {rC+ AC+1 EV+1 Str+1
                  | Int+1 Dex+1}
  1964 | D:3      | Reached XP level 4. HP: 24/24 MP: 5/7
  2352 | D:3      | Reached skill level 4 in Fire Magic
  3075 | D:3      | Found a radiant altar of Vehumet.
  3075 | D:3      | Found a sacrificial altar of Ru.
  3076 | D:3      | Found an iron altar of Okawaru.
  3149 | D:3      | Acquired 755 gold pieces
  3163 | D:3      | Learned a level 4 spell: Sticky Flame
  3223 | D:4      | Noticed a black bear
  3233 | D:4      | Slain by a black bear

Illustrated notes

Levels and vault maps discovered:
D:1:      psy_arrival_dodecagon, layout_loops_cross,
          hellmonk_ecumenical_altar_zigzags, minmay_door_square
D:2:      layout_basic, basic_altar, uniq_crazy_yiuf_cottage
D:3:      layout_loops_ring, nicolae_overflow_hidden_temple
D:4:      layout_gridville, uniq_blork_the_orc

Skill      XL: |  1  2  3  4 |
---------------+-------------+-----
Fire Magic     | 4 |  4.0
Conjurations   | 2 |  2.4
Spellcasting   | 3 |  3.0
Dodging        | |  1.7
Stealth        | |  2.1
Earth Magic    | |  0.9

Action                   |  1- 3 |  4- 6 || total
-------------------------+-------+-------++-------
Melee: Club              |     1 |       ||     1
       Whip              |       |     3 ||     3
 Cast: Foxfire           |    40 |    38 ||    78
       Sandblast         |     1 |    16 ||    17
  Use: Scroll            |     6 |     3 ||     9
Armor: Robe              |     2 |     8 ||    10
Dodge: Dodged            |     3 |    10 ||    13
